 Dungeon Crawl Stone Soup version 0.21.0-3-g78d12a8 (console) character file.

45 ahub the Skirmisher (level 3, -1/29 HPs)
             Began as a Demonspawn Monk on Jan 9, 2018.
             Slain by Sigmund
             ... wielding a +0 scythe
              (2 damage)
             ... on level 2 of the Dungeon.
             The game lasted 00:02:33 (1310 turns).

ahub the Skirmisher (Demonspawn Monk)               Turns: 1310, Time: 00:02:33

Health: -1/29      AC:  7    Str: 12    XL:     3   Next: 42%
Magic:  3/3        EV: 12    Int: 11    God:
Gold:   92         SH:  0    Dex: 15    Spells: 2/2 levels left

rFire    . . .     SeeInvis .   a - +0 falchion
rCold    + . .     Gourm    .   (no shield)
rNeg     . . .     Faith    .   l - +0 ring mail
rPois    .         Spirit   .   (no helmet)
rElec    .         Reflect  .   (no cloak)
rCorr    .         Harm     .   (no gloves)
MR       .....                  (no boots)
Stlth    +.........             (no amulet)
HPRegen  0.09/turn              i - ring of protection from cold
MPRegen  0.08/turn              (no ring)

@: flying
A: slimy green scales 1, rot immunity
a: no special abilities


You were on level 2 of the Dungeon.
You were hungry.

You visited 1 branch of the dungeon, and saw 2 of its levels.

You collected 92 gold pieces.

Inventory:

Hand Weapons
 a - a +0 falchion (weapon)
Armour
 l - a +0 ring mail (worn)
Jewellery
 i - a ring of protection from cold (left hand)
Scrolls
 d - a scroll of fear {unknown}
 e - a scroll of magic mapping {unknown}
 h - 2 scrolls of immolation {unknown}
 j - a scroll of enchant weapon {unknown}
 k - a scroll of teleportation {unknown}
Potions
 f - a potion of magic
Comestibles
 c - 7 rations


   Skills:
 + Level 3.5 Fighting
 + Level 3.2 Long Blades
 + Level 0.3 Armour
 + Level 3.0 Dodging
 - Level 1.9 Stealth


You had 2 spell levels left.
You didn't know any spells.

Dungeon Overview and Level Annotations

Branches:
Dungeon (2/15)

Altars:

Annotations:
D:2 Sigmund


Innate Abilities, Weirdness & Mutations

You are partially covered in slimy green scales. (AC +2)
You are immune to rotting.


Message History

It was a potion of magic.
Magic courses through your body. The hobgoblin barely misses you.
It was a potion of flight.
You feel very buoyant.
You fly up into the air.
The hobgoblin hits you with a club. Something hits you.
* * * LOW HITPOINT WARNING * * *
You hit the hobgoblin.
The hobgoblin is almost dead.
The hobgoblin closely misses you. Something hits you but does no damage.
You hit the hobgoblin.
You kill the hobgoblin!
Something hits you but does no damage.
You closely miss something.
You are feeling hungry.
You closely miss something. Something hits you!
* * * LOW HITPOINT WARNING * * *
You barely miss something. Something barely misses you.
You barely miss something. Something hits you but does no damage.
You closely miss something. You closely miss something. Something hits you.
You die...

#..# .# #..# .... #...
### #..# #..# #.. # #
##+## #.. .# # ##...##
#.##..# # ##.....##
#{)...# ###.......##
##@##
##.........####...#.###
.'.........'........$..
##.........####)..#.###
###.......## ##.##.# #
##.....## .... # #
##...## ##### ##+##


There were no monsters in sight!

Vanquished Creatures
  3 dart slugs (D:1)
  3 leopard geckos (D:1)
  4 bats (D:1)
  2 giant cockroaches (D:1)
  A goblin (D:1)
  3 hobgoblins
  3 jackals (D:1)
  3 frilled lizards (D:1)
  7 kobolds
  6 rats (D:1)
35 creatures vanquished.

Notes
Turn   | Place    | Note
-------+----------+-------------------------------------------
     0 | D:1      | ahub the Demonspawn Monk began the quest for the Orb.
     0 | D:1      | Reached XP level 1. HP: 18/18 MP: 1/1
   237 | D:1      | Gained mutation: You are immune to rotting. [demonic ancestry]
   237 | D:1      | Reached XP level 2. HP: 17/24 MP: 2/2
   843 | D:1      | Gained mutation: You are partially covered in slimy green scales. (AC +2) [demonic ancestry]
   843 | D:1      | Reached XP level 3. HP: 29/29 MP: 3/3
  1294 | D:2      | Noticed Sigmund
  1306 | D:2      | HP: 1/29 [something (7)]
  1310 | D:2      | Slain by Sigmund

Skill      XL: |  1  2  3 |
---------------+----------+-----
Long Blades    | 3 |  3.2
Dodging        | 3 |  3.0
Fighting       | |  3.5
Armour         | |  0.3
Stealth        | |  1.9

Action                   || total
-------------------------++-------
Melee: Falchion          ||   112
  Use: Potion            ||     2
 Stab: Sleeping          ||     3
  Eat: Chunk             ||     1
Armor: Robe              ||     6
       Ring mail         ||    29
Dodge: Dodged            ||    82
       Rpst.: Falchion   ||    35
